 Dungeon Crawl Stone Soup version 0.28-a0-983-g1de4e0787c (webtiles) character file.

Game seed: 7761975306258441340

2 ragingrage the Sneak (level 1, -1/18 HPs)
             Began as a Merfolk Delver on Dec 2, 2021.
             Slain by an orc (3 damage)
             ... on level 5 of the Dungeon.
             The game lasted 00:00:32 (393 turns).

ragingrage the Sneak (Merfolk Delver)                Turns: 393, Time: 00:00:32

Health: -1/18      AC:  3    Str: 12    XL:     1   Next: 40%
Magic:  1/1        EV: 12    Int:  9    God:
Gold:   4          SH:  0    Dex: 15    Spells: 0/0 levels left

rFire   . . .      SeeInvis .   a - +0 spear
rCold   . . .      Faith    .   (no shield)
rNeg    . . .      Spirit   .   b - +0 leather armour
rPois   .          Reflect  .   (no helmet)
rElec   .          Harm     .   (no cloak)
rCorr   .          Rampage  .   (no gloves)
Will    .....                   (no boots)
Stlth   +++.......              (no amulet)
HPRegen 0.06/turn               (no ring)
MPRegen 0.07/turn               (no ring)

@: no status effects
A: (nimble swimmer 2), mertail
a: no special abilities


You were on level 5 of the Dungeon.
You visited 1 branch of the dungeon, and saw 3 of its levels.

You collected 4 gold pieces.

Inventory:

Hand Weapons
 a - a +0 spear (weapon)
Armour
 b - a +0 leather armour (worn)
Wands
 g - a wand of digging (3)
 i - a wand of paralysis (6)
Scrolls
 c - a scroll of fog
 d - a scroll of magic mapping
 e - a scroll of fear
 k - a scroll of identify {unknown}
Potions
 f - a potion of haste
 h - a potion of heal wounds {unknown}
 j - a potion of brilliance {unknown}


   Skills:
 - Level 3.2 Fighting
 * Level 3.4 Polearms
 - Level 2.6 Dodging
 - Level 5.4 Stealth


You couldn't memorise any spells.
You didn't know any spells.
Your spell library was empty.

Dungeon Overview and Level Annotations

Branches:
Dungeon (6/15)
 Temple: D:4-7

Altars:


Innate Abilities, Weirdness & Mutations

((You are quick and stealthy near water. (Stealth+, EV+, Speed+++)))
Your lower body shifts to a powerful aquatic tail in water.


Message History

You swing at nothing.
You start resting.
A water moccasin zombie is nearby!
There is a stone staircase leading up here.
A water moccasin zombie is nearby!
You start resting.
A quokka comes into view.
You reach to attack!
You hit the quokka.
You kill the quokka!
You start resting.
HP restored.
There is a stone staircase leading up here.
You climb upwards.
You hear the hiss of flowing sand.
There is an entrance to an ossuary on this level.
Hurry and find it before the portal is buried!
You hear the hiss of a very distant avalanche of sand.
The hound skeleton bites you. The orc hits you with a +0 club.
The hound skeleton closely misses you.
There is a stone staircase leading down, spattered with blood here.
The orc barely misses you. The hound skeleton bites you.
You climb downwards.
There is a stone staircase leading up here.
You hit the orc.
The orc is lightly wounded.
The orc hits you with a +0 club.
* * * LOW HITPOINT WARNING * * *
You hit the orc but do no damage.
The orc is lightly wounded.
The orc hits you with a +0 club.
* * * LOW HITPOINT WARNING * * *
You hit the orc but do no damage.
The orc is lightly wounded.
The orc closely misses you.
You barely miss the orc.
The orc is lightly wounded.
The orc completely misses you.
You hit the orc.
The orc is moderately wounded.
The orc hits you with a +0 club.
You die...

.....#.# #.# ...
#.##.#.###.###...
#......≈≈#......
#.≈≈.#..≈.≈≈..
#.≈.≈.≈..#≈.## #..
#.≈..≈.≈≈.≈..# #..
###.≈.♣..#..≈..# #..
##..÷†.≈....≈.≈.# #..
#...@o≈≈.♣.....(# #.#
#...#.#.≈...≈≈♣.###.#
#...#!##.≈#≈≈.≈..##.#
#...+.##..#≈≈....'..#
#...#.##..##.....#...
#...#.##.#Z+.....+...
#...#.##.#.#.....#...
#...... #.....#...
##... #######...


You could see an orc.

Vanquished Creatures
  A ball python (D:5)
  A quokka (D:5)
2 creatures vanquished.

Notes
Turn   | Place    | Note
-------+----------+-------------------------------------------
     0 | D:5      | ragingrage the Merfolk Delver began the quest for the Orb.
     0 | D:5      | Reached XP level 1. HP: 18/18 MP: 1/1
   110 | D:6      | Noticed a jelly
   158 | D:5      | Noticed a water moccasin zombie
   393 | D:5      | Slain by an orc

Illustrated notes

Levels and vault maps discovered:
D:4:      layout_rooms, nicolae_uskayaw_dance_hall, nicolae_ossuary_entry_plus,
          chequers_serial_rivers_micro_e, uniq_grinder
D:5:      layout_basic, temple_green, chequers_serial_rivers_marsh,
          uniq_crazy_yiuf_cottage, uniq_edmund, uniq_pikel, uniq_blork_the_orc
D:6:      layout_gridville, lemuel_tele_altar, uniq_prince_ribbit1

Action                   || total
-------------------------++-------
Melee: Spear             ||    16
 Stab: Sleeping          ||     1
Armor: Leather armour    ||     2
Dodge: Dodged            ||    18

Table legend: (Time is in decaauts)
 A = Elapsed time spent in this place.
 B = Non-inter-level travel time spent in this place.
 C = Inter-level travel time spent in this place.
 D = Time resting spent in this place.
 E = Time spent auto-exploring this place.
 F = Levels seen in this place.
 G = Mean time per level.
                   A        B        C        D        E       F      G
               +--------+--------+--------+--------+--------+-----+--------+
         Total |    392 |    363 |     29 |    197 |    106 |   3 |  130.7 |
       Dungeon |    392 |    363 |     29 |    197 |    106 |   3 |  130.7 |
               +--------+--------+--------+--------+--------+-----+--------+

Top non-repeatable levels by time:
     D:5: 273 daAuts
     D:6: 106 daAuts
     D:4: 12 daAuts
